 Dungeon Crawl Stone Soup version 0.30-a0-949-g53dc5368d7 (webtiles) character file.

Game seed: 12581592971657217124

32 BlueFish the Grasshopper (level 3, 0/24 HPs)
             Began as an Octopode Warper on Mar 27, 2023.
             Slain by a gnoll
             ... wielding a +0 club
              (9 damage)
             ... on level 3 of the Dungeon.
             The game lasted 00:02:30 (1825 turns).

BlueFish the Grasshopper (Octopode Warper)          Turns: 1825, Time: 00:02:31

Health: 0/24       AC:  1    Str: 12    XL:     3   Next: 27%
Magic:  6/6        EV: 14    Int: 15    God:
Gold:   130        SH:  0    Dex: 17    Spells: 6/6 levels left

rFire   . . .      SeeInvis .    r - +0 whip
rCold   . . .      Faith    .    (no shield)
rNeg    . . .      Spirit   .    (helmet restricted)
rPois   .          Reflect  .    (no amulet)
rElec   .          Rampage  .    n - +6 ring of dexterity
rCorr   .                        (no ring)
Will    .....                    (no ring)
Stlth   +++                      (no ring)
HPRegen 0.24/turn                (no ring)
MPRegen 0.10/turn                (no ring)
                                 (no ring)
                                 (no ring)

@: no status effects
A: almost no armour, amphibious, 8 rings, camouflage 1, gelatinous body 1,
(nimble swimmer 1), tentacles
a: no special abilities


You were on level 3 of the Dungeon.
You visited 1 branch of the dungeon, and saw 3 of its levels.

You collected 130 gold pieces.

Inventory:

Hand Weapons
 l - a +1 heavy flail
 r - a +0 whip (weapon)
Missiles
 b - 7 boomerangs of dispersal (quivered)
 m - 16 stones
 p - 6 poisoned darts
Jewellery
 n - a +6 ring of dexterity (left tentacle)
 s - a ring of ice
Scrolls
 a - a scroll of blinking
 c - 2 scrolls of immolation
 e - a scroll of brand weapon {unknown}
 i - a scroll of torment
 k - a scroll of teleportation
 o - a scroll of silence {unknown}
Potions
 d - a potion of mutation {unknown}
 f - a potion of haste {unknown}
 g - 2 potions of curing
 h - 2 potions of resistance
 j - 2 potions of heal wounds {unknown}
 q - 2 potions of invisibility {unknown}


   Skills:
 + Level 2.3 Fighting
 + Level 0.2 Maces & Flails
 + Level 1.2 Throwing
 + Level 2.6 Dodging
 * Level 1.8 Stealth
 + Level 2.2 Unarmed Combat
 + Level 2.1 Spellcasting
 + Level 3.1 Translocations


You had 6 spell levels left.
You didn't know any spells.
Your spell library contained the following spells:

 Spells                   Type           Power      Damage    Failure   Level
 Blink                    Tloc           22%        N/A       9%          2
 Lesser Beckoning         Tloc           22%        N/A       9%          2
 Teleport Other           Tloc           11%        N/A       19%         3
 Slow                     Hex            4%         N/A       22%         1
 Portal Projectile        Hex/Tloc       12%        N/A       34%         3
 Vhi's Electric Charge    Tloc/Air       12%        N/A       34%         3
 Manifold Assault         Tloc           11%        N/A       52%         4
 Confusing Touch          Hex            1%         N/A       54%         3
 Tukima's Dance           Hex            1%         N/A       54%         3
 Vampiric Draining        Necr           1%         2d6       54%         3
 Blade Hands              Tmut           0%         N/A       99%         5


Dungeon Overview and Level Annotations

Branches:
Dungeon (3/15)

Altars:
Okawaru

Shops:
D:2 [


Innate Abilities, Weirdness & Mutations

You cannot wear most types of armour.
You are amphibious.
You can wear up to eight rings at the same time.
Your skin changes colour to match your surroundings (Stealth+).
Your rubbery body absorbs attacks. (AC +1, EV +1)
((You are camouflaged when in or above water. (Stealth+)))
You have tentacles for arms and can constrict up to eight enemies at once.


Message History

h - 2 potions of resistance Your surroundings suddenly seem different.
HP restored.
Found a stone staircase leading up.
There is a stone staircase leading up here.
Found an iron altar of Okawaru.
m - 16 stones (gained 6)
You see here a +1 heavy flail.
q - 2 lumpy amethyst potions (gained 1)
A kobold comes into view. It is wielding a +1 dagger of freezing.
You see here a +1 heavy flail.
l - a +1 heavy flail The kobold shouts!
The kobold completely misses you.
You barely miss the kobold. You grab the kobold. You constrict the kobold.
The kobold hits you with a +1 dagger of freezing.
The kobold freezes you.
You are too injured to fight recklessly!
You are too injured to fight recklessly!
You hit the kobold.
You kill the kobold!
Things that are here:
a +1 dagger of freezing; a kobold corpse
Found an escape hatch in the ceiling.
There is an escape hatch in the ceiling here.
Found an escape hatch in the floor.
There is an escape hatch in the floor here.
A gnoll comes into view. It is wielding a +0 club.
Found 2 fizzy brown potions and 16 gold pieces.
Found a stone staircase leading down. 3 gnolls come into view.
The gnoll hits you with a +0 club! The gnoll attacks as you move away!
The gnoll misses you.
You hit the gnoll. Your grab misses the gnoll. Your squeeze misses the gnoll.
The gnoll is moderately wounded.
The gnoll hits you with a +0 club.
You hit the gnoll. You grab the gnoll.
The gnoll is heavily wounded.
You constrict the gnoll. The gnoll hits you with a +0 club!
You die...

....!!.># #.# #......#
#.# #....(.# #.#
#......##########>#
#.................#
#......##############
#......# #.........)
#####..# #.#########
##@.#####.#....#
#.g.....#.#.##.#
#.......#.#.##.####
.........#.#.##.....
.g.#########.#.###..##
.gg.. #.#........ ....
#.###...... ....
#.....##.## ...
##.#...#.#.


You could see a gnoll.

Vanquished Creatures
  2 dart slugs
  5 bats
  3 endoplasms
  A hobgoblin (D:2)
  7 kobolds
  A quokka (D:2)
  3 ball pythons (D:1)
  A frilled lizard (D:1)
  2 goblins
  2 rats
27 creatures vanquished.

Notes
Turn   | Place    | Note
-------+----------+-------------------------------------------
     0 | D:1      | BlueFish the Octopode Warper began the quest for the Orb.
     0 | D:1      | Reached XP level 1. HP: 14/14 MP: 3/3
    31 | D:1      | Found a faded altar of an unknown god.
   371 | D:1      | Reached skill level 1 in Stealth
   486 | D:1      | Reached XP level 2. HP: 17/19 MP: 5/5
  1189 | D:2      | Reached XP level 3. HP: 24/24 MP: 6/6
  1473 | D:2      | Found Itauliev's Antique Armour Boutique.
  1635 | D:3      | Found an iron altar of Okawaru.
  1825 | D:3      | Slain by a gnoll

Illustrated notes

Levels and vault maps discovered:
D:1:      elethiomel_arrival_shortcut, layout_basic,
          hellmonk_ecumenical_altar_lost_god, minmay_vboxes
D:2:      wander_river, layout_basic, serial_shops, nicolae_diamond_shop,
          hangedman_glass_teeth
D:3:      layout_basic, mainiacjoe_overflow_small_starburst, uniq_grinder

Skill      XL: |  1 |
---------------+----+-----
Stealth        | 1 |  1.8
Fighting       | |  2.3
Maces & Flails | |  0.2
Throwing       | |  1.2
Dodging        | |  2.6
Unarmed Combat | |  2.2
Spellcasting   | |  2.1
Translocations | |  3.1

Action                     || total
---------------------------++-------
  Melee: Dagger            ||    18
         Constrict         ||    19
         Tentacles         ||    11
         Club              ||    29
         Short sword       ||     2
         Punch             ||     2
         Whip              ||    11
    Use: Scroll            ||     5
   Stab: Sleeping          ||     6
 Armour: Skin              ||     6
  Dodge: Dodged            ||    34

Table legend: (Time is in decaauts)
 A = Elapsed time spent in this place.
 B = Non-inter-level travel time spent in this place.
 C = Inter-level travel time spent in this place.
 D = Time resting spent in this place.
 E = Time spent auto-exploring this place.
 F = Levels seen in this place.
 G = Mean time per level.
                   A        B        C        D        E       F      G
               +--------+--------+--------+--------+--------+-----+--------+
         Total |   1831 |   1774 |     57 |      0 |   1491 |   3 |  610.3 |
       Dungeon |   1831 |   1774 |     57 |      0 |   1491 |   3 |  610.3 |
               +--------+--------+--------+--------+--------+-----+--------+

Top non-repeatable levels by time:
     D:1: 966 daAuts
     D:2: 602 daAuts
     D:3: 262 daAuts
